Map: Winter Madness LE

Players

Mirzo

  • Race: Zerg Zerg
  • League: Master
  • Spawn Location: 11:00

YVL - Winner!

  • Race: Protoss Protoss
  • League: Master
  • Spawn Location: 5:00

VOD

Have the link to the VOD?

Description

Time

  • Played on: Jan. 17, 2026, 4:10 p.m.
  • Length: 8:56
Show
View Real Time Build Order
Export as new Build Order

Mirzo Zerg 

Build Orders: Hatch First 

Get SALT Encoding   

  12  0:00  Drone  
  13  0:08  Drone  
  14  0:19  Extractor, Drone  
  15  0:24  Overlord  
  15  0:43  Drone  
  15  0:46  Hatchery  
  15  0:49  Drone  
  16  0:53  Drone  
  17  1:00  Drone  
  18  1:08  Extractor  
  17  1:13  Spawning Pool  
  17  1:15  Drone  
  17  1:21  Drone  
  18  1:27  Drone  
  19  1:37  Drone  
  20  1:49  Drone  
  21  1:59  Overlord, Queen  
  21  2:00  Queen  
  25  2:02  Zergling x2  
  26  2:10  Drone x2  
  26  2:14  Metabolic Boost  
  28  2:20  Drone  
  28  2:22  Drone  
  30  2:30  Drone  
  30  2:34  Drone  
  30  2:35  Queen  
  34  2:46  Hatchery  
  34  2:49  Overlord  
  33  2:52  Drone  
  33  2:54  Drone  
  33  2:58  Overlord  
  35  3:04  Zergling x2  
  36  3:10  Drone x4  
  36  3:12  Drone x2  
  42  3:15  Drone x2  
  42  3:18  Drone  
  45  3:26  Overlord  
  45  3:27  Drone  
  45  3:29  Queen  
  45  3:31  Spore Crawler  
  47  3:37  Queen  
  48  3:42  Overlord  
  48  3:45  Spore Crawler  
  48  3:48  Drone x3  
  50  3:50  Overlord  
  50  3:52  Zergling x2  
  51  4:00  Drone x5  
  56  4:13  Overlord  
  56  4:17  Overlord x2  
  56  4:18  Drone x5  
  56  4:20  Drone  
  62  4:25  Overlord  
  62  4:26  Drone  
  62  4:29  Drone  
  64  4:36  Drone x2  
  64  4:38  Spore Crawler  
  65  4:39  Lair  
  65  4:45  Roach Warren  
  64  4:51  Drone x4  
  64  4:52  Drone  
  69  4:53  Hatchery  
  69  4:58  Extractor x2  
  65  5:00  Drone x5  
  65  5:01  Drone  
  65  5:06  Overlord  
  71  5:12  Evolution Chamber  
  70  5:18  Extractor  
  70  5:19  Extractor  
  70  5:20  Extractor  
  67  5:22  Zergling x6  
  67  5:23  Zergling x12  
  67  5:28  Overlord x2  
  76  5:32  Roach x3  
  82  5:37  Evolution Chamber  
  82  5:39  Evolution Chamber  
  82  5:40  Zerg Missile Weapons Level 1  
  80  5:49  Drone x10  
  86  5:53  Glial Reconstitution  
  86  5:57  Drone x5  
  86  6:03  Infestation Pit  
  90  6:06  Hydralisk Den  
  90  6:07  Overlord  
  90  6:11  Drone x5  
  93  6:18  Drone x4  
  93  6:22  Drone x3  
  99  6:27  Overlord x2  
  99  6:28  Extractor  
  99  6:29  Extractor, Overlord  
  97  6:36  Overlord x2  
  97  6:44  Hatchery  
  97  6:45  Drone x2  
  97  6:46  Drone x6, Spine Crawler, Spore Crawler  
  102  6:48  Drone x2  
  102  6:51  Muscular Augments  
  102  6:52  Hive  
  104  6:56  Lurker Den  
  104  6:58  Drone  
  104  7:00  Hydralisk  
  105  7:01  Roach x2  
  105  7:05  Roach  
  105  7:08  Roach x4  
  111  7:11  Roach  
  111  7:12  Roach  
  101  7:25  Roach x6  
  108  7:30  Hydralisk x3  
  108  7:33  Roach  
  108  7:39  Roach x4  
  116  7:46  Roach x2  
  103  7:59  Roach x6  
  105  8:10  Hydralisk x3  
  97  8:16  Hydralisk  
  85  8:29  Hydralisk  
  85  8:30  Hydralisk x5  
  66  8:52  Lurker  
  66  8:54  Evolution Chamber  
Show
View Real Time Build Order
Export as new Build Order

YVL Protoss - Winner!

Build Orders: 1 Gate Expand, Oracle Opening, Zealot Archon 

Get SALT Encoding   

  12  0:00  Probe  
  13  0:13  Probe  
  14  0:19  Pylon  
  14  0:25  Probe  
  15  0:33  Probe  
  15  0:39  Gateway  
  15  0:41  Probe  
  16  0:47  Assimilator  
  17  0:52  Probe  
  18  1:04  Probe  
  19  1:16  Probe  
  20  1:24  Nexus  
  20  1:34  Cybernetics Core  
  20  1:36  Probe  
  21  1:42  Assimilator  
  21  1:48  Probe  
  21  1:51  Pylon  
  22  2:00  Probe  
  23  2:08  Probe  
  23  2:11  Adept  
  26  2:17  Probe  
  26  2:18  Stargate  
  27  2:26  Probe  
  27  2:28  Warp Gate  
  28  2:32  Probe  
  28  2:34  Probe  
  29  2:39  Stalker  
  29  2:40  Probe  
  29  2:42  Probe  
  33  2:50  Probe  
  34  2:54  Probe  
  34  2:55  Oracle  
  36  3:02  Probe  
  40  3:06  Probe  
  40  3:09  Pylon  
  41  3:14  Probe  
  41  3:16  Gateway  
  41  3:18  Probe  
  43  3:26  Probe  
  44  3:30  Probe  
  45  3:34  Oracle  
  45  3:40  Nexus, Pylon  
  45  3:46  Probe  
  49  3:48  Probe  
  50  3:58  Assimilator  
  50  3:59  Probe, Assimilator  
  50  4:00  Probe  
  52  4:10  Robotics Facility  
  52  4:11  Probe  
  52  4:12  Probe, Twilight Council  
  54  4:21  Forge  
  54  4:23  Probe  
  55  4:25  Probe  
  55  4:28  Adept x2  
  60  4:35  Probe  
  60  4:37  Probe, Pylon  
  62  4:40  Gateway  
  62  4:44  Gateway  
  62  4:46  Protoss Ground Weapons Level 1  
  62  4:51  Probe x2  
  62  4:52  Charge, Warp Prism  
  64  5:02  Probe  
  64  5:03  Probe  
  64  5:05  Probe  
  68  5:10  Probe  
  68  5:12  Templar Archives  
  69  5:14  Adept  
  69  5:15  Probe x2  
  69  5:16  Adept  
  69  5:18  Probe  
  76  5:23  Shield Battery  
  76  5:27  Probe  
  76  5:28  Pylon  
  78  5:29  Pylon  
  78  5:33  Probe  
  78  5:34  Probe  
  80  5:42  Gateway  
  80  5:44  Gateway  
  80  5:49  Probe  
  75  5:52  High Templar x2  
  75  5:53  Probe x2  
  77  5:57  Archon, Gateway  
  77  5:58  Gateway, High Templar  
  77  6:01  Probe  
  77  6:02  Assimilator x2  
  77  6:03  Pylon  
  80  6:05  Probe  
  80  6:07  Pylon  
  80  6:08  Observer  
  82  6:12  Zealot  
  82  6:14  Probe  
  82  6:18  Probe  
  86  6:20  Immortal  
  86  6:25  High Templar  
  88  6:29  Pylon  
  88  6:31  Archon  
  88  6:32  Zealot x2  
  96  6:33  Probe  
  96  6:37  Pylon  
  96  6:38  Pylon  
  96  6:39  Zealot x2  
  101  6:40  Zealot  
  101  6:45  Pylon  
  103  6:50  Nexus  
  103  6:52  Zealot x2  
  103  6:53  Pylon  
  107  7:04  Zealot x3  
  107  7:05  Zealot x3  
  119  7:15  Probe  
  120  7:19  Zealot x2  
  124  7:23  Probe  
  124  7:25  High Templar x3  
  124  7:27  High Templar, Zealot x2  
  137  7:31  Archon  
  137  7:32  Archon  
  137  7:34  Immortal  
  135  7:51  Zealot x3  
  135  7:52  Zealot  
  135  7:54  Probe  
  135  7:55  Probe  
  135  7:56  Probe  
  142  8:03  High Templar x4  
  146  8:16  Probe  
  146  8:17  Archon x2  
  146  8:18  Zealot  
  146  8:19  Zealot x3  
  151  8:20  Probe  
  151  8:25  Gateway  
  151  8:26  Probe  
  151  8:28  Gateway, Probe  
  151  8:31  Fleet Beacon, Shield Battery  
  146  8:36  Probe, Photon Cannon  
  151  8:46  Zealot x8  
Tags
 
Add a new tag
Caveats
  • Supply blocks, unpowered buildings, or Contaminate may cause inaccurate times.
  • Supply counts are checked every 10 seconds.